 Dungeon Crawl Stone Soup version 0.21.1-1-g345015f (webtiles) character file.

166 troglodite the Skirmisher (level 5, -1/63 HPs)
             Began as a Demonspawn Berserker on June 7, 2018.
             Was a Believer of Trog.
             Slain by a hobgoblin
             ... wielding a +0 club
              (3 damage)
             ... on level 3 of the Dungeon.
             The game lasted 00:04:46 (1832 turns).

troglodite the Skirmisher (Demonspawn Berserker)    Turns: 1832, Time: 00:04:47

Health: -1/63      AC:  9    Str: 19 (22) XL:     5   Next: 22%
Magic:  5/5        EV:  2    Int:  8 (9)  God:    Trog [**....]
Gold:   106        SH:  0    Dex: -3 (13) Spells: 4/4 levels left

rFire    . . .     SeeInvis .   a - +0 falchion
rCold    . . .     Gourm    .   (no shield)
rNeg     . . .     Faith    .   d - +0 chain mail
rPois    .         Spirit   .   (no helmet)
rElec    .         Reflect  .   (no cloak)
rCorr    .         Harm     .   (no gloves)
MR       .....                  (no boots)
Stlth    ..........             (no amulet)
HPRegen  0.20/turn              (no ring)
MPRegen  0.09/turn              (no ring)

@: berserking (expiring), slowed, lost dexterity
A: talons 1, nightstalker 1, rot immunity
a: Berserk, Trog's Hand, Burn Spellbooks, Renounce Religion


You were on level 3 of the Dungeon.
You worshipped Trog.
Trog was pleased with you.
You were not hungry.

You visited 1 branch of the dungeon, and saw 3 of its levels.

You collected 106 gold pieces.

Inventory:

Hand Weapons
 a - a +0 falchion (weapon)
Armour
 d - a +0 chain mail (worn)
Scrolls
 g - a scroll of remove curse {unknown}
 h - 2 scrolls of identify {unknown}
 k - a scroll of fog {unknown}
 l - a scroll of magic mapping {unknown}
Comestibles
 b - a chunk of flesh
 c - a ration


   Skills:
 * Level 4.2 Fighting
 + Level 3.6 Long Blades
 * Level 3.0 Armour
 + Level 2.1 Dodging


You had 4 spell levels left.
You didn't know any spells.

Dungeon Overview and Level Annotations

Branches:
Dungeon (3/15)

Altars:
Makhleb
Trog
Zin
The Shining One

Annotations:
D:3 Grinder


Innate Abilities, Weirdness & Mutations

You have sharp toenails.
You are slightly more attuned to the shadows.
You are immune to rotting.


Message History

Grinder gestures at you. Pain shoots through your body!
* * * LOW HITPOINT WARNING * * *
Unknown command.
Your chain mail prevents you from hitting Grinder.
Grinder is moderately wounded.
The hobgoblin hits you but does no damage.
Grinder gestures at you. Pain shoots through your body!
* * * LOW HITPOINT WARNING * * *
The hobgoblin hits you but does no damage. x2
You closely miss Grinder. Your kick misses Grinder.
Grinder is lightly wounded.
Grinder blinks!
The hobgoblin hits you but does no damage. x2
Unknown command.
You closely miss the goblin. The hobgoblin completely misses you.
The goblin hits you but does no damage.
Grinder blinks!
The hobgoblin hits you with a club.
You die...

.######.###
#.# .# ..#
#.# .# .#..
#.. #.# ##
#.#... #.?
#.# # #....
#.. #.#
#..... ..
#.# .####.
#.#
.....g###.#
....wg@...#
.ยง...g#####
%#...s #.>#.
#..#. ... #.
.# #.


You could see a dart slug, a giant cockroach, 2 hobgoblins and a goblin.

Vanquished Creatures
  A quasit (D:2)
  An orc priest (D:3)
  3 gnolls (D:3)
  4 adders
  An ooze (D:2)
  A dart slug (D:1)
  2 orcs (D:3)
  4 giant cockroaches (D:1)
  3 goblins (D:1)
  3 hobgoblins
  4 jackals (D:1)
  4 bats
  A frilled lizard (D:2)
  2 rats
34 creatures vanquished.

Notes
Turn   | Place    | Note
-------+----------+-------------------------------------------
     0 | D:1      | troglodite the Demonspawn Berserker began the quest for the Orb.
     0 | D:1      | Reached XP level 1. HP: 18/18 MP: 1/1
   185 | D:1      | Gained mutation: You have sharp toenails. [demonic ancestry]
   185 | D:1      | Reached XP level 2. HP: 17/24 MP: 2/2
   378 | D:2      | Found a glowing silver altar of Zin.
   398 | D:2      | Found a burning altar of Makhleb.
   400 | D:2      | Found a bloodstained altar of Trog.
   494 | D:2      | Gained mutation: You are slightly more attuned to the shadows. [demonic ancestry]
   494 | D:2      | Reached XP level 3. HP: 25/29 MP: 3/3
   661 | D:2      | Found a faded altar of an unknown god.
   676 | D:2      | Reached ** piety under Trog
  1185 | D:3      | Reached XP level 4. HP: 37/37 MP: 4/4
  1193 | D:3      | Reached skill level 4 in Fighting
  1266 | D:2      | Lost dexterity.
  1272 | D:2      | Gained mutation: You are immune to rotting. [demonic ancestry]
  1272 | D:2      | Reached XP level 5. HP: 4/42 MP: 5/5
  1746 | D:3      | Found a glowing golden altar of the Shining One.
  1820 | D:3      | Noticed Grinder
  1830 | D:3      | HP: 2/63 [Grinder/nerve-wracking pain (8)]
  1832 | D:3      | Slain by a hobgoblin

Skill      XL: |  1  2  3  4 |
---------------+-------------+-----
Armour         | 2 3 |  3.0
Long Blades    | 3 |  3.6
Dodging        | 2 |  2.1
Fighting       | 4 |  4.2

Action                   |  1- 3 |  4- 6 || total
-------------------------+-------+-------++-------
Melee: Falchion          |    74 |    61 ||   135
       Kick              |    12 |     8 ||    20
Invok: Berserk           |     1 |     3 ||     4
  Use: Potion            |       |     5 ||     5
  Eat: Chunk             |     1 |     1 ||     2
       Ration            |       |     2 ||     2
Armor: Chain mail        |    66 |   199 ||   265
Dodge: Dodged            |    33 |    76 ||   109
       Rpst.: Falchion   |     9 |     7 ||    16
